 Dungeon Crawl Stone Soup version 0.31-a0-133-gaae73658be (webtiles) character file.

Game seed: 8312093641534630688

86 timneilson the Shield-Bearer (level 4, -1/29 HPs)
             Began as a Gargoyle Fighter on June 2, 2023.
             Splashed by a jelly's acid (9 damage)
             ... on level 3 of the Dungeon.
             The game lasted 00:03:16 (2460 turns).

timneilson the Shield-Bearer (Gargoyle Fighter)     Turns: 2460, Time: 00:03:17

Health: -1/29      AC:  2    Str: 19    XL:     4   Next: 50%
Magic:  4/4        EV:  8    Int:  9    God:
Gold:   122        SH: 13    Dex: 11    Spells: 3/3 levels left

rFire   . . .        a - +1 long sword
rCold   . . .        i - +0 kite shield
rNeg    + + .        b - +0 scale mail
rPois   ∞            (no helmet)
rElec   +            (no cloak)
rCorr   .            (no gloves)
SInv    .            (no boots)
Will    .....        h - amulet of reflection Stlth
                     e - ring of positive energy
HPRegen 0.24/turn    (no ring)
MPRegen 0.09/turn

%: reflection
@: corroded
A: sickness immunity, AC +3, negative energy resistance 1, electricity
resistance, torment resistance 1, petrification resistance
a: no special abilities


You were on level 3 of the Dungeon.
You visited 1 branch of the dungeon, and saw 4 of its levels.

You collected 122 gold pieces.

Inventory:

Hand Weapons
 a - a +1 long sword (weapon)
Armour
 b - a +0 scale mail (worn)
 i - a +0 kite shield (worn)
Jewellery
 e - a ring of positive energy (left hand)
 f - a ring of fire
 h - an amulet of reflection (around neck)
 j - a +5 ring of evasion
Potions
 c - a potion of heal wounds
 d - 2 potions of might


   Skills:
 + Level 3.7 Fighting
 * Level 2.4 Long Blades
 * Level 4.0 Armour
 + Level 0.7 Dodging
 * Level 4.0 Shields


You had 3 spell levels left.
You didn't know any spells.
Your spell library was empty.

Dungeon Overview and Level Annotations

Branches:
Dungeon (4/15)
 Temple: D:4-7

Altars:

Shops:
D:3 :


Innate Abilities, Weirdness & Mutations

You are immune to sickness and miasma.
Your stone body is resilient. (AC +3)
You are immune to poison.
You resist negative energy. (rN+)
You are resistant to electric shocks. (rElec)
You are resistant to unholy torment.
You are immune to petrification.


Message History

You see here 5 stones.
Done exploring.
Done exploring.
As you read the scroll of identify, it crumbles to dust.
c - a potion of heal wounds
There is a stone staircase leading down here.
You climb downwards.
The orc shouts!
The jelly quivers.
Found 6 gold pieces.
There is a stone staircase leading up here.
You block the giant cockroach's attack. You block the jelly's attack.
You climb upwards.
There is a stone staircase leading down here.
You hit the giant cockroach but do no damage.
You block the giant cockroach's attack. You block the jelly's attack.
The giant cockroach closely misses you.
You hit the jelly but do no damage.
Your hands burn!
The giant cockroach barely misses you. You block the jelly's attack.
You block the giant cockroach's attack.
You completely miss the jelly. The jelly hits you but does no damage.
The giant cockroach barely misses you. The jelly hits you but does no damage.
You slash the jelly! The acid corrodes you!
Your hands burn!
The jelly is heavily wounded.
You block the giant cockroach's attack. The jelly hits you.
The acid corrodes you!
You are splashed with acid.
You block the giant cockroach's attack.
You hit the jelly but do no damage.
Your hands burn!
The jelly is heavily wounded.
You block the jelly's attack. The giant cockroach barely misses you.
The jelly hits you.
You are splashed with acid!
You block the giant cockroach's attack.
You barely miss the jelly.
The jelly is moderately wounded.
You block the giant cockroach's attack.
The jelly jiggles.
The jelly hits you.
* * * LOW HITPOINT WARNING * * *
The acid corrodes you!
You are splashed with acid!
You die...

#...# #..##.# #########.#
#...# #..##.# #.#
#####.######..##.####### #.#
....(.............)....####
#.#
##....######..............#
#.# #.#### #.###.#####.##.#
#.# #.# #.# #.# #[##.# #.#
#.# #.# #J# #.##.# #.# #.#
###.# #@# #.##.#####.. #.#
#####...# #B#####...........
#.# #.......#
#..............[.< #.#
#.#####.# ###########.######
#.###.# #.# #.......# #.# #
#.>)..# #.# #.......#
#.###### #####.#
#.###.......###.......
#.#####.....................
#...^...###.......##########


You could see a jelly and a giant cockroach.

Vanquished Creatures
  3 adders
  A worm (D:2)
  2 bats
  6 endoplasms
  3 giant cockroaches
  9 goblins
  3 hobgoblins
  A jackal (D:2)
  6 kobolds
  2 quokkas
  10 ball pythons
  3 frilled lizards
49 creatures vanquished.

Notes
Turn   | Place    | Note
-------+----------+-------------------------------------------
     0 | D:1      | timneilson the Gargoyle Fighter began the quest for the
                  | Orb.
     0 | D:1      | Reached XP level 1. HP: 14/14 MP: 1/1
   273 | D:1      | Reached XP level 2. HP: 14/19 MP: 2/2
   652 | D:1      | Reached XP level 3. HP: 23/23 MP: 3/3
   944 | D:2      | Found a faded altar of an unknown god.
  1315 | D:2      | Reached XP level 4. HP: 29/29 MP: 4/4
  1983 | D:3      | Found Umpe's Book Shop.
  2460 | D:3      | Splashed by a jelly's acid

Illustrated notes

Levels and vault maps discovered:
D:1:      shiori_arrival_maze, layout_basic
D:2:      cheibrodos_old_hovel, layout_loops_ring,
          hellmonk_ecumenical_altar_lost_god, serial_bayou, serial_bayou_pond_b,
          serial_bayou_lagoon_a, serial_bayou_crossing, serial_bayou_lake_a,
          serial_bayou_pond_c, serial_bayou_ford_a, minmay_tetromino_s2
D:3:      layout_loops_ring, serial_shops, shop
D:4:      kennysheep_spiral_hall, layout_basic, jmf_multi_god_temple2,
          nicolae_overflow_hidden_temple, hangedman_feature_mirror,
          nicolae_stop_n_shop_1, minmay_increasing_density

Skill      XL: |  1  2  3  4 |
---------------+-------------+-----
Long Blades    | 2 |  2.4
Shields        | 4 |  4.0
Armour         | 4 |  4.0
Fighting       | |  3.7
Dodging        | |  0.7

Action                     |  1- 3 |  4- 6 || total
---------------------------+-------+-------++-------
  Melee: Long sword        |   120 |    57 ||   177
    Use: Scroll            |     2 |     3 ||     5
 Armour: Scale mail        |    67 |    23 ||    90
  Dodge: Dodged            |    46 |    23 ||    69
  Block: Buckler           |    58 |    19 ||    77
         Kite shield       |       |    11 ||    11

Table legend: (Time is in decaauts)
 A = Elapsed time spent in this place.
 B = Non-inter-level travel time spent in this place.
 C = Inter-level travel time spent in this place.
 D = Time resting spent in this place.
 E = Time spent auto-exploring this place.
 F = Levels seen in this place.
 G = Mean time per level.
                   A        B        C        D        E       F      G
               +--------+--------+--------+--------+--------+-----+--------+
         Total |   2570 |   2495 |     75 |      0 |   2057 |   4 |  642.5 |
       Dungeon |   2570 |   2495 |     75 |      0 |   2057 |   4 |  642.5 |
               +--------+--------+--------+--------+--------+-----+--------+

Top non-repeatable levels by time:
     D:2: 1036 daAuts
     D:1: 943 daAuts
     D:3: 587 daAuts
     D:4: 3 daAuts
